 Dungeon Crawl Stone Soup version 0.32-a0-859-gb0a091d592 (webtiles) character file.

Game seed: 1206529057518118221

218 tommooo the Trooper (level 5, -4/48 HPs)
             Began as a Minotaur Chaos Knight on Mar 27, 2024.
             Was a Plaything of Xom.
             Slain by a gnoll bouda
             ... wielding a +0 club
              (16 damage)
             ... on level 4 of the Dungeon.
             The game lasted 00:11:35 (2355 turns).

tommooo the Trooper (Minotaur Chaos Knight)         Turns: 2355, Time: 00:11:41

Health: -4/48      AC:  5    Str: 19    XL:     5   Next: 63%
Magic:  4/4        EV: 10    Int: 15    God:    Xom [*.....]
Gold:   215        SH:  0    Dex:  9    Spells: 4/4 levels left

rFire   + . .        a - +0 falchion (chaos)
rCold   . . .        (no shield)
rNeg    . . .        b - +2 leather armour
rPois   .            (helmet restricted)
rElec   .            k - scarf {repulsion}
rCorr   .            (no gloves)
SInv    +            (no boots)
Will    .....        (no amulet)
Stlth   +            e - +6 ring of intelligence
HPRegen 0.28/turn    q - ring of see invisible
MPRegen 0.09/turn

%: random rage (3%), repel missiles
@: weakened, invisible
A: horns 2, retaliatory headbutt, berserk 1, fire resistance 1
a: Renounce Religion


You were on level 4 of the Dungeon.
You worshipped Xom.
You were a special plaything of Xom.
You visited 1 branch of the dungeon, and saw 5 of its levels.

You collected 215 gold pieces.

Inventory:

Hand Weapons
 a - a +0 falchion of chaos (weapon)
 t - the +3 mace of Fear {heavy, rC+}
   (You found it on level 4 of the Dungeon)

   rC+:       It protects you from cold.
Missiles
 i - a throwing net (quivered)
Armour
 b - a +2 leather armour (worn)
 k - a scarf of repulsion (worn)
Jewellery
 e - a +6 ring of intelligence (left hand)
 o - an amulet of magic regeneration
 q - a ring of see invisible (right hand)
Scrolls
 c - a scroll of enchant weapon {unknown}
 g - 2 scrolls of immolation {unknown}
 h - a scroll of amnesia {unknown}
 l - a scroll of revelation {unknown}
 m - a scroll of summoning
 n - a scroll of poison {unknown}
 p - a scroll of identify {unknown}
Potions
 d - a potion of invisibility
 f - a potion of mutation {unknown}
 j - a potion of degeneration {unknown}
 r - a potion of heal wounds {unknown}
 s - a potion of curing {unknown}
 u - a potion of brilliance {unknown}


   Skills:
 * Level 5.4 Fighting
 + Level 5.2 Long Blades
 - Level 4.5 Armour
 - Level 1.1 Dodging


You had 4 spell levels left.
You didn't know any spells.
Your spell library contained the following spells:

 Spells                   Type           Power      Damage    Failure   Level
 Apportation              Tloc           0%         N/A       30%         1
 Kiss of Death            Conj/Necr      0%         2d5       30%         1
 Necrotise                Necr           0%         1d4       30%         1
 Slow                     Hex            0%         N/A       30%         1
 Sting                    Conj/Alch      0%         1d3       30%         1
 Summon Small Mammal      Summ           0%         N/A       30%         1
 Confusing Touch          Hex            0%         N/A       67%         3
 Fugue of the Fallen      Necr           0%         N/A       67%         3
 Ozocubu's Armour         Ice            0%         N/A       67%         3
 Vampiric Draining        Necr           0%         2d6       67%         3
 Brom's Barrelling Bould  Conj/Erth      0%         2d3       97%         4
 Dispel Undead            Necr           0%         3d6       97%         4
 Fireball                 Conj/Fire      0%         3d3       100%        5
 Iskenderun's Battlesphe  Conj           0%         2d6       100%        5
 Conjure Ball Lightning   Conj/Air       0%         3x3d6     100%        6
 Manifold Assault         Tloc           0%         N/A       100%        7
 Orb of Destruction       Conj           0%         9d5       100%        7


Dungeon Overview and Level Annotations

Branches:
Dungeon (5/15)             Temple (0/1) D:4

Altars:
Trog
Xom

Shops:
D:3 [


Innate Abilities, Weirdness & Mutations

You have a pair of horns on your head.
You reflexively headbutt those who attack you in melee.
You sometimes lose your temper in combat.
Your flesh is heat resistant. (rF+)


Message History

The gnoll closely misses you.
The gnoll bouda hits you with a +0 club.
You hit the gnoll bouda but do no damage.
The gnoll bouda seems to grow stronger.
The gnoll bouda is moderately wounded. "This might be better!"
The gnoll evaporates and reforms as a boggart!
The boggart picks up a +0 whip.
The boggart wields a +0 whip.
The gnoll bouda gazes fiercely through you!
You feel your attacks grow feeble.
The gnoll bouda hits you but does no damage.
You completely miss the gnoll bouda.
The gnoll bouda is moderately wounded.
The boggart closely misses you.
The gnoll bouda hits you with a +0 club.
You barely miss the gnoll bouda.
The gnoll bouda is moderately wounded.
The boggart closely misses you. You furiously retaliate!
You headbutt the boggart.
The gnoll bouda gazes fiercely through you!
You feel as though you will be weak longer.
The gnoll bouda hits you with a +0 club!
As you read the scroll of summoning, it crumbles to dust.
Wisps of shadow whirl around you... The boggart hits you with a +0 whip.
The gnoll bouda gazes fiercely through you!
You feel as though you will be weak longer.
The gnoll bouda hits you with a +0 club!
You closely miss the gnoll bouda. Your headbutt misses the gnoll bouda.
The gnoll bouda is moderately wounded.
The boggart misses you.
Your adder barely misses the boggart.
The gnoll bouda hits you with a +0 club!
* * * LOW HITPOINT WARNING * * *
Your kobold barely misses the gnoll bouda.
It was a potion of invisibility.
You fade into invisibility!
The boggart gestures wildly while chanting.
The boggart flickers and vanishes for a moment.
The gnoll bouda hits you with a +0 club!
You die...
Xom bursts into laughter!

##.# ##....# #..#
##.|..#
#.#######.....#
####.###.....÷...#
.....##..####....####
.....<..............#
#####.########......#
###...#########K.g..#
...............g@S..#
#.__###########..J..#
#.### #.....#
..#############.....#
.._.~PP.PP~PP##.#####
..P~P~P~P♣~~~##.#
~~.~~≈♣≈~~~~P##.#
P~~♣≈♣~~P...##..#
~♣≈~~~.P.......##


You could see a boggart (invisible), a gnoll bouda (strong, unable to see you,
ally target), a friendly adder (summoned), a friendly endoplasm (summoned) and a
friendly kobold (summoned).

Vanquished Creatures
  A phantom (D:3)
  A hound (D:4)
  3 adders
  An orc (D:3)
  4 bats
  4 endoplasms
  4 giant cockroaches
  8 goblins
  9 hobgoblins
  8 jackals
  2 quokkas
  2 ball pythons
  4 frilled lizards
  10 kobolds
  3 rats
64 creatures vanquished.

Vanquished Creatures (collateral kills)
  An adder (D:4)
  3 jackals (D:4)
4 creatures vanquished.

Vanquished Creatures (others)
  A rat (D:3)
1 creature vanquished.

Grand Total: 69 creatures vanquished

Notes
Turn   | Place    | Note
-------+----------+-------------------------------------------
     0 | D:1      | tommooo the Minotaur Chaos Knight began the quest for the
                  | Orb.
     0 | D:1      | Reached XP level 1. HP: 19/19 MP: 0/0
   158 | D:1      | Reached XP level 2. HP: 24/27 MP: 1/1
   389 | D:1      | XOM: silly message
   474 | D:1      | Found a faded altar of an unknown god.
   520 | D:1      | Reached XP level 3. HP: 33/33 MP: 2/2
   849 | D:2      | XOM: give mutations
   849 | D:2      | Gained mutation: You sometimes lose your temper in combat.
                  | [Xom's mischief]
   849 | D:2      | Gained mutation: Your flesh is heat resistant. (rF+) [Xom's
                  | mischief]
   912 | D:2      | XOM: divination: detect items
   947 | D:2      | XOM: scenery: summon butterflies
  1065 | D:3      | Found Baybok's Armour Emporium.
  1246 | D:3      | Reached XP level 4. HP: 41/41 MP: 3/3
  1275 | D:3      | Noticed a phantom
  1279 | D:3      | XOM: divine lightning
  1305 | D:3      | Killed a phantom
  1306 | D:3      | Reached skill level 5 in Fighting
  1306 | D:3      | Reached XP level 5. HP: 32/48 MP: 4/4
  1450 | D:3      | Reached skill level 5 in Long Blades
  1848 | D:4      | XOM: scenery: create altars
  1961 | D:4      | Identified the +3 mace of Fear {heavy, rC+}
  1997 | D:4      | Found a staircase to the Ecumenical Temple.
  2160 | D:4      | Found a bloodstained altar of Trog.
  2346 | D:5      | Entered Level 5 of the Dungeon
  2346 | D:5      | Noticed an ogre
  2350 | D:4      | a gnoll changed into a boggart
  2350 | D:4      | Noticed a boggart
  2350 | D:4      | XOM: polymorph gnoll -> boggart
  2355 | D:4      | Slain by a gnoll bouda

Illustrated notes

Levels and vault maps discovered:
D:1:      ncdulo_watergridlock, layout_basic,
          hellmonk_ecumenical_altar_leap_of_faith, minmay_domino_4
D:2:      layout_rooms
D:3:      layout_loops_ring, serial_shops, shop
D:4:      layout_rooms, nicolae_overflow_hidden_temple,
          minmay_temple_entry_trees, minmay_misc_feat_cross,
          serial_bayou_lagoon_a
D:5:      layout_rooms, nzn_hepliaklqana_mist_gate

Skill      XL: |  1  2  3  4  5 |
---------------+----------------+-----
Fighting       | 4 5 |  5.4
Long Blades    | 4 5 |  5.2
Armour         | 3 4 |  4.5
Dodging        | |  1.1

Action                     |  1- 3 |  4- 6 || total
---------------------------+-------+-------++-------
  Melee: Falchion          |   102 |    62 ||   164
         Headbutt          |    14 |    14 ||    28
    Use: Scroll            |       |     3 ||     3
         Potion            |       |     1 ||     1
   Stab: Confused          |       |     1 ||     1
 Armour: Leather armour    |    71 |    44 ||   115
  Dodge: Dodged            |    56 |    27 ||    83
         Repelled          |       |     1 ||     1

Table legend: (Time is in decaauts)
 A = Elapsed time spent in this place.
 B = Non-inter-level travel time spent in this place.
 C = Inter-level travel time spent in this place.
 D = Time resting spent in this place.
 E = Time spent auto-exploring this place.
 F = Levels seen in this place.
 G = Mean time per level.
                   A        B        C        D        E       F      G
               +--------+--------+--------+--------+--------+-----+--------+
         Total |   2371 |   2297 |     74 |     45 |   1620 |   5 |  474.2 |
       Dungeon |   2371 |   2297 |     74 |     45 |   1620 |   5 |  474.2 |
               +--------+--------+--------+--------+--------+-----+--------+

Top non-repeatable levels by time:
     D:3: 780 daAuts
     D:1: 626 daAuts
     D:4: 548 daAuts
     D:2: 413 daAuts
     D:5: 1 daAuts
